Workbook

Sheet Actuals
A2: Particulars | B2: 2020 | C2: 2021 | D2: 2022 | E2: 2023 | F2: 2024
A3: Revenue | B3: 1000000 | C3: 1260000 | D3: 1404000 | E3: 1736000 | F3: 2070000
A4: COGS | B4: 400000 | C4: 300000 | D4: 600000 | E4: 700000 | F4: 900000
A6: Rent | B6: 80000 | C6: 80000 | D6: 95000 | E6: 105000 | F6: 110000
A7: Travel | B7: 50000 | C7: 60000 | D7: 65000 | E7: 70000 | F7: 85000
A8: Depreciation | B8: 58000 | C8: 63500 | D8: 70000 | E8: 77500 | F8: 85000
A9: Meal | B9: 120000 | C9: 110000 | D9: 135000 | E9: 155000 | F9: 165000
A10: Interest Expense | B10: 15000 | C10: 16000 | D10: 18000 | E10: 18500 | F10: 19000
A12: Cash | B12: 60000 | C12: 70000 | D12: 80000 | E12: 95000 | F12: 110000
A13: Accounts Receivable | B13: 90000 | C13: 105000 | D13: 120000 | E13: 140000 | F13: 160000
A14: Inventory | B14: 80000 | C14: 90000 | D14: 100000 | E14: 110000 | F14: 120000
A15: Total Current Assets | B15: 230000 | C15: 265000 | D15: 300000 | E15: 345000 | F15: 390000
... A23: Total Liabilities & Equity | B23: 580000 | C23: 635000 | D23: 700000 | E23: 775000 | F23: 850000
A25: Color convention: Green = links (pure references), Black = formulas/calculations, Red = negative values (displayed in parentheses) and Blue = hardcoded inputs; Balance Sheet checks to 0.

Sheet Inputs
A1: Assumptions / Drivers | B1: 2020 | C1: 2021 | D1: 2022 | E1: 2023 | F1: 2024 | G1: 2025 | H1: 2026 | I1: 2027 | J1: 2028 | K1: 2029
A2: Forecast Assumptions
A3: YoY Revenue Growth | G3: 0.16 | H3: 0.18 | I3: 0.2 | J3: 0.22 | K3: 0.24
A4: COGS (% of Revenue) | B4: =G4 -> 0.35 | C4: =G4 -> 0.35 | D4: =G4 -> 0.35 | E4: =G4 -> 0.35 | F4: =G4 -> 0.35 | G4: 0.35 | H4: =G4 -> 0.35 | I4: =G4 -> 0.35 | J4: =G4 -> 0.35 | K4: =G4 -> 0.35
A5: Rent (% of Revenue) | B5: =G5 -> 0.07 | C5: =G5 -> 0.07 | D5: =G5 -> 0.07 | E5: =G5 -> 0.07 | F5: =G5 -> 0.07 | G5: 0.07 | H5: =G5 -> 0.07 | I5: =G5 -> 0.07 | J5: =G5 -> 0.07 | K5: =G5 -> 0.07
A6: Travel (% of Revenue) | B6: =G6 -> 0.05 | C6: =G6 -> 0.05 | D6: =G6 -> 0.05 | E6: =G6 -> 0.05 | F6: =G6 -> 0.05 | G6: 0.05 | H6: =G6 -> 0.05 | I6: =G6 -> 0.05 | J6: =G6 -> 0.05 | K6: =G6 -> 0.05
A7: Meal (% of Revenue) | B7: =G7 -> 0.11 | C7: =G7 -> 0.11 | D7: =G7 -> 0.11 | E7: =G7 -> 0.11 | F7: =G7 -> 0.11 | G7: 0.11 | H7: =G7 -> 0.11 | I7: =G7 -> 0.11 | J7: =G7 -> 0.11 | K7: =G7 -> 0.11
A8: Interest Rate (% of Long-Term Debt) | B8: =G8 -> 0.1 | C8: =G8 -> 0.1 | D8: =G8 -> 0.1 | E8: =G8 -> 0.1 | F8: =G8 -> 0.1 | G8: 0.1 | H8: =G8 -> 0.1 | I8: =G8 -> 0.1 | J8: =G8 -> 0.1 | K8: =G8 -> 0.1
A9: Depreciation (% of Opening PP&E) | B9: =G9 -> 0.15 | C9: =G9 -> 0.15 | D9: =G9 -> 0.15 | E9: =G9 -> 0.15 | F9: =G9 -> 0.15 | G9: 0.15 | H9: =G9 -> 0.15 | I9: =G9 -> 0.15 | J9: =G9 -> 0.15 | K9: =G9 -> 0.15
A10: Tax Rate (assumption) | B10: =G10 -> 0.25 | C10: =G10 -> 0.25 | D10: =G10 -> 0.25 | E10: =G10 -> 0.25 | F10: =G10 -> 0.25 | G10: 0.25 | H10: =G10 -> 0.25 | I10: =G10 -> 0.25 | J10: =G10 -> 0.25 | K10: =G10 -> 0.25
A12: Balance Sheet (based on last 3 actual years average)
A13: Asset Turnover (Rev / Avg Total Assets) - target | G13: =AVERAGE((Actuals!D3/AVERAGE(Actuals!C17,Actuals!D17)),(Actuals!E3/AVERAGE(Actuals!D17,Actuals!E17)),(Actuals!F3/AVERAGE(Actuals!E17,Actuals!F17))) -> 2.3349871 | H13: =G13 -> 2.3349871 | I13: =G13 -> 2.3349871 | J13: =G13 -> 2.3349871 | K13: =G13 -> 2.3349871
A14: Accounts Receivable (% of Revenue) | G14: =AVERAGE(Actuals!D13/Actuals!D3,Actuals!E13/Actuals!E3,Actuals!F13/Actuals!F3) -> 0.081136644 | H14: =G14 -> 0.081136644 | I14: =G14 -> 0.081136644 | J14: =G14 -> 0.081136644 | K14: =G14 -> 0.081136644
A15: Inventory (% of COGS) | G15: =AVERAGE(Actuals!D14/Actuals!D4,Actuals!E14/Actuals!E4,Actuals!F14/Actuals!F4) -> 0.15238095 | H15: =G15 -> 0.15238095 | I15: =G15 -> 0.15238095 | J15: =G15 -> 0.15238095 | K15: =G15 -> 0.15238095
A16: Accounts Payable (% of COGS) | G16: =AVERAGE(Actuals!D18/Actuals!D4,Actuals!E18/Actuals!E4,Actuals!F18/Actuals!F4) -> 0.13835979 | H16: =G16 -> 0.13835979 | I16: =G16 -> 0.13835979 | J16: =G16 -> 0.13835979 | K16: =G16 -> 0.13835979
A17: Net PP&E (% of Total Assets) - target | G17: =AVERAGE(Actuals!D16/Actuals!D17,Actuals!E16/Actuals!E17,Actuals!F16/Actuals!F17) -> 0.55581458 | H17: =G17 -> 0.55581458 | I17: =G17 -> 0.55581458 | J17: =G17 -> 0.55581458 | K17: =G17 -> 0.55581458
A18: Total Current Liabilities (% of Total Assets) - target | G18: =AVERAGE(Actuals!D20/Actuals!D17,Actuals!E20/Actuals!E17,Actuals!F20/Actuals!F17) -> 0.1740309 | H18: =G18 -> 0.1740309 | I18: =G18 -> 0.1740309 | J18: =G18 -> 0.1740309 | K18: =G18 -> 0.1740309
A19: Shareholders' Equity (% of Total Assets) - target | G19: =AVERAGE(Actuals!D22/Actuals!D17,Actuals!E22/Actuals!E17,Actuals!F22/Actuals!F17) -> 0.55413391 | H19: =G19 -> 0.55413391 | I19: =G19 -> 0.55413391 | J19: =G19 -> 0.55413391 | K19: =G19 -> 0.55413391
A20: Other Current Assets (% of Revenue) | B20: =G20 -> 0 | C20: =H20 -> 0 | D20: =I20 -> 0 | E20: =J20 -> 0 | F20: =K20 -> 0 | G20: 0 | H20: =G20 -> 0 | I20: =H20 -> 0 | J20: =I20 -> 0 | K20: =J20 -> 0
A21: Other Current Liabilities (% of Revenue) | B21: =G21 -> 0 | C21: =H21 -> 0 | D21: =I21 -> 0 | E21: =J21 -> 0 | F21: =K21 -> 0 | G21: 0 | H21: =G21 -> 0 | I21: =H21 -> 0 | J21: =I21 -> 0 | K21: =J21 -> 0

Sheet IS
A1: Income Statement
A2: Particular | B2: 2020 | C2: 2021 | D2: 2022 | E2: 2023 | F2: 2024 | G2: 2025 | H2: 2026 | I2: 2027 | J2: 2028 | K2: 2029
A5: Revenue | B5: =Actuals!B3 -> 1000000 | C5: =Actuals!C3 -> 1260000 | D5: =Actuals!D3 -> 1404000 | E5: =Actuals!E3 -> 1736000 | F5: =Actuals!F3 -> 2070000 | G5: =F5*(1+Inputs!G3) -> 2401200 | H5: =G5*(1+Inputs!H3) -> 2833416 | I5: =H5*(1+Inputs!I3) -> 3400099.2 | J5: =I5*(1+Inputs!J3) -> 4148121 | K5: =J5*(1+Inputs!K3) -> 5143670.1
A6: Sales Growth | B6: 0 | C6: =C5/B5-1 -> 0.26 | D6: =D5/C5-1 -> 0.11428571 | E6: =E5/D5-1 -> 0.23646724 | F6: =F5/E5-1 -> 0.19239631 | G6: =G5/F5-1 -> 0.16 | H6: =H5/G5-1 -> 0.18 | I6: =I5/H5-1 -> 0.2 | J6: =J5/I5-1 -> 0.22 | K6: =K5/J5-1 -> 0.24
A8: COGS | B8: =-Actuals!B4 -> -400000 | C8: =-Actuals!C4 -> -300000 | D8: =-Actuals!D4 -> -600000 | E8: =-Actuals!E4 -> -700000 | F8: =-Actuals!F4 -> -900000 | G8: =-G5*Inputs!G4 -> -840420 | H8: =-H5*Inputs!H4 -> -991695.6 | I8: =-I5*Inputs!I4 -> -1190034.7 | J8: =-J5*Inputs!J4 -> -1451842.4 | K8: =-K5*Inputs!K4 -> -1800284.5
A9: COGS % Sales | B9: =ABS(B8)/B5 -> 0.4 | C9: =ABS(C8)/C5 -> 0.23809524 | D9: =ABS(D8)/D5 -> 0.42735043 | E9: =ABS(E8)/E5 -> 0.40322581 | F9: =ABS(F8)/F5 -> 0.43478261 | G9: =ABS(G8)/G5 -> 0.35 | H9: =ABS(H8)/H5 -> 0.35 | I9: =ABS(I8)/I5 -> 0.35 | ... K9: =ABS(K8)/K5 -> 0.35
A11: Gross Profit | B11: =B5+B8 -> 600000 | C11: =C5+C8 -> 960000 | D11: =D5+D8 -> 804000 | E11: =E5+E8 -> 1036000 | F11: =F5+F8 -> 1170000 | G11: =G5+G8 -> 1560780 | H11: =H5+H8 -> 1841720.4 | I11: =I5+I8 -> 2210064.5 | ... K11: =K5+K8 -> 3343385.5
A12: Gross Margin | B12: =B11/B5 -> 0.6 | C12: =C11/C5 -> 0.76190476 | D12: =D11/D5 -> 0.57264957 | E12: =E11/E5 -> 0.59677419 | F12: =F11/F5 -> 0.56521739 | G12: =G11/G5 -> 0.65 | H12: =H11/H5 -> 0.65 | I12: =I11/I5 -> 0.65 | ... K12: =K11/K5 -> 0.65
A14: Rent | B14: =-Actuals!B6 -> -80000 | C14: =-Actuals!C6 -> -80000 | D14: =-Actuals!D6 -> -95000 | E14: =-Actuals!E6 -> -105000 | F14: =-Actuals!F6 -> -110000 | G14: =-G5*Inputs!G5 -> -168084 | H14: =-H5*Inputs!H5 -> -198339.12 | I14: =-I5*Inputs!I5 -> -238006.94 | J14: =-J5*Inputs!J5 -> -290368.47 | K14: =-K5*Inputs!K5 -> -360056.9
A15: Travel | B15: =-Actuals!B7 -> -50000 | C15: =-Actuals!C7 -> -60000 | D15: =-Actuals!D7 -> -65000 | E15: =-Actuals!E7 -> -70000 | F15: =-Actuals!F7 -> -85000 | G15: =-G5*Inputs!G6 -> -120060 | H15: =-H5*Inputs!H6 -> -141670.8 | I15: =-I5*Inputs!I6 -> -170004.96 | J15: =-J5*Inputs!J6 -> -207406.05 | K15: =-K5*Inputs!K6 -> -257183.5
A16: Meal | B16: =-Actuals!B9 -> -120000 | C16: =-Actuals!C9 -> -110000 | D16: =-Actuals!D9 -> -135000 | E16: =-Actuals!E9 -> -155000 | F16: =-Actuals!F9 -> -165000 | G16: =-G5*Inputs!G7 -> -264132 | H16: =-H5*Inputs!H7 -> -311675.76 | I16: =-I5*Inputs!I7 -> -374010.91 | J16: =-J5*Inputs!J7 -> -456293.31 | K16: =-K5*Inputs!K7 -> -565803.71
A17: EBITDA (ex-Depreciation) | B17: =B5+B8+B14+B15+B16 -> 350000 | C17: =C5+C8+C14+C15+C16 -> 710000 | D17: =D5+D8+D14+D15+D16 -> 509000 | E17: =E5+E8+E14+E15+E16 -> 706000 | F17: =F5+F8+F14+F15+F16 -> 810000 | G17: =G5+G8+G14+G15+G16 -> 1008504 | H17: =H5+H8+H14+H15+H16 -> 1190034.7 | I17: =I5+I8+I14+I15+I16 -> 1428041.7 | ... K17: =K5+K8+K14+K15+K16 -> 2160341.4
A18: EBITDA % Sales | B18: =B17/B5 -> 0.35 | C18: =C17/C5 -> 0.56349206 | D18: =D17/D5 -> 0.36253561 | E18: =E17/E5 -> 0.40668203 | F18: =F17/F5 -> 0.39130435 | G18: =G17/G5 -> 0.42 | H18: =H17/H5 -> 0.42 | I18: =I17/I5 -> 0.42 | ... K18: =K17/K5 -> 0.42
A20: Depreciation | B20: =-Actuals!B8 -> -58000 | C20: =-Actuals!C8 -> -63500 | D20: =-Actuals!D8 -> -70000 | E20: =-Actuals!E8 -> -77500 | F20: =-Actuals!F8 -> -85000 | G20: =-BS!G26 -> -69000 | H20: =-BS!H26 -> -100606.36 | I20: =-BS!I26 -> -101731.45 | J20: =-BS!J26 -> -141073.92 | K20: =-BS!K26 -> -155148.63
A21: Depreciation % Sales | B21: =ABS(B20/B5) -> 0.058 | C21: =ABS(C20/C5) -> 0.050396825 | D21: =ABS(D20/D5) -> 0.04985755 | E21: =ABS(E20/E5) -> 0.044642857 | F21: =ABS(F20/F5) -> 0.041062802 | G21: =ABS(G20/G5) -> 0.028735632 | H21: =ABS(H20/H5) -> 0.035507091 | I21: =ABS(I20/I5) -> 0.029920141 | ... K21: =ABS(K20/K5) -> 0.030163021
A23: EBIT | B23: =B17+B20 -> 292000 | C23: =C17+C20 -> 646500 | D23: =D17+D20 -> 439000 | E23: =E17+E20 -> 628500 | F23: =F17+F20 -> 725000 | G23: =G17+G20 -> 939504 | H23: =H17+H20 -> 1089428.4 | I23: =I17+I20 -> 1326310.2 | ... K23: =K17+K20 -> 2005192.8
A24: EBIT % Sales | B24: =B23/B5 -> 0.292 | C24: =C23/C5 -> 0.51309524 | D24: =D23/D5 -> 0.31267806 | E24: =E23/E5 -> 0.36203917 | F24: =F23/F5 -> 0.35024155 | G24: =G23/G5 -> 0.39126437 | H24: =H23/H5 -> 0.38449291 | I24: =I23/I5 -> 0.39007986 | ... K24: =K23/K5 -> 0.38983698
A26: Interest Expense | B26: =-Actuals!B10 -> -15000 | C26: =-Actuals!C10 -> -16000 | D26: =-Actuals!D10 -> -18000 | E26: =-Actuals!E10 -> -18500 | F26: =-Actuals!F10 -> -19000 | G26: =-BS!G30 -> -27401.362 | H26: =-BS!H30 -> -32986.142 | I26: =-BS!I30 -> -39583.37 | J26: =-BS!J30 -> -48291.711 | K26: =-BS!K30 -> -59881.722
A27: Interest % Sales | B27: =ABS(B26/B5) -> 0.015 | C27: =ABS(C26/C5) -> 0.012698413 | D27: =ABS(D26/D5) -> 0.012820513 | E27: =ABS(E26/E5) -> 0.010656682 | F27: =ABS(F26/F5) -> 0.009178744 | G27: =ABS(G26/G5) -> 0.011411528 | H27: =ABS(H26/H5) -> 0.011641828 | I27: =ABS(I26/I5) -> 0.011641828 | ... K27: =ABS(K26/K5) -> 0.011641828
A29: EBT | B29: =B23+B26 -> 277000 | C29: =C23+C26 -> 630500 | D29: =D23+D26 -> 421000 | E29: =E23+E26 -> 610000 | F29: =F23+F26 -> 706000 | G29: =G23+G26 -> 912102.64 | H29: =H23+H26 -> 1056442.2 | I29: =I23+I26 -> 1286726.8 | ... K29: =K23+K26 -> 1945311.1
A30: Taxes | B30: =-MAX(0,B29)*Inputs!B10 -> -69250 | C30: =-MAX(0,C29)*Inputs!C10 -> -157625 | D30: =-MAX(0,D29)*Inputs!D10 -> -105250 | E30: =-MAX(0,E29)*Inputs!E10 -> -152500 | F30: =-MAX(0,F29)*Inputs!F10 -> -176500 | G30: =-MAX(0,G29)*Inputs!G10 -> -228025.66 | H30: =-MAX(0,H29)*Inputs!H10 -> -264110.55 | I30: =-MAX(0,I29)*Inputs!I10 -> -321681.71 | ... K30: =-MAX(0,K29)*Inputs!K10 -> -486327.77
A31: Effective Tax Rate | B31: =IF(B29<=0,"-",ABS(B30)/B29) -> 0.25 | C31: =IF(C29<=0,"-",ABS(C30)/C29) -> 0.25 | D31: =IF(D29<=0,"-",ABS(D30)/D29) -> 0.25 | E31: =IF(E29<=0,"-",ABS(E30)/E29) -> 0.25 | F31: =IF(F29<=0,"-",ABS(F30)/F29) -> 0.25 | G31: =IF(G29<=0,"-",ABS(G30)/G29) -> 0.25 | H31: =IF(H29<=0,"-",ABS(H30)/H29) -> 0.25 | I31: =IF(I29<=0,"-",ABS(I30)/I29) -> 0.25 | ... K31: =IF(K29<=0,"-",ABS(K30)/K29) -> 0.25
A32: Net Income | B32: =B29+B30 -> 207750 | C32: =C29+C30 -> 472875 | D32: =D29+D30 -> 315750 | E32: =E29+E30 -> 457500 | F32: =F29+F30 -> 529500 | G32: =G29+G30 -> 684076.98 | H32: =H29+H30 -> 792331.66 | I32: =I29+I30 -> 965045.13 | ... K32: =K29+K30 -> 1458983.3
A33: Net Margin | B33: =B32/B5 -> 0.20775 | C33: =C32/C5 -> 0.37529762 | D33: =D32/D5 -> 0.22489316 | E33: =E32/E5 -> 0.26353687 | F33: =F32/F5 -> 0.2557971 | G33: =G32/G5 -> 0.28488963 | H33: =H32/H5 -> 0.27963831 | I33: =I32/I5 -> 0.28382852 | ... K33: =K32/K5 -> 0.28364636

Sheet BS
A1: Balance Sheet
B2: 2020 | C2: 2021 | D2: 2022 | E2: 2023 | F2: 2024 | G2: 2025 | H2: 2026 | I2: 2027 | J2: 2028 | K2: 2029
A3: Assets
A4: Cash | B4: =Actuals!B12 -> 60000 | C4: =Actuals!C12 -> 70000 | D4: =Actuals!D12 -> 80000 | E4: =Actuals!E12 -> 95000 | F4: =Actuals!F12 -> 110000 | G4: =G8-G5-G6-G7 -> 213115.31 | H4: =H8-H5-H6-H7 -> 160989.42 | I4: =I8-I5-I6-I7 -> 294394.04 | J4: =J8-J5-J6-J7 -> 268793.97 | K4: =K8-K5-K6-K7 -> 438703.39
A5: Accounts Receivable | B5: =Actuals!B13 -> 90000 | C5: =Actuals!C13 -> 105000 | D5: =Actuals!D13 -> 120000 | E5: =Actuals!E13 -> 140000 | F5: =Actuals!F13 -> 160000 | G5: =IS!G5*Inputs!G14 -> 194825.31 | H5: =IS!H5*Inputs!H14 -> 229893.87 | I5: =IS!I5*Inputs!I14 -> 275872.64 | J5: =IS!J5*Inputs!J14 -> 336564.62 | K5: =IS!K5*Inputs!K14 -> 417340.13
A6: Inventory | B6: =Actuals!B14 -> 80000 | C6: =Actuals!C14 -> 90000 | D6: =Actuals!D14 -> 100000 | E6: =Actuals!E14 -> 110000 | F6: =Actuals!F14 -> 120000 | G6: =ABS(IS!G8)*Inputs!G15 -> 128064 | H6: =ABS(IS!H8)*Inputs!H15 -> 151115.52 | I6: =ABS(IS!I8)*Inputs!I15 -> 181338.62 | J6: =ABS(IS!J8)*Inputs!J15 -> 221233.12 | K6: =ABS(IS!K8)*Inputs!K15 -> 274329.07
A7: Other Current Assets | B7: 0 | C7: 0 | D7: 0 | E7: 0 | F7: 0 | G7: =IS!G5*Inputs!G20 -> 0 | H7: =IS!H5*Inputs!H20 -> 0 | I7: =IS!I5*Inputs!I20 -> 0 | J7: =IS!J5*Inputs!J20 -> 0 | K7: =IS!K5*Inputs!K20 -> 0
A8: Total Current Assets | B8: =Actuals!B15 -> 230000 | C8: =Actuals!C15 -> 265000 | D8: =Actuals!D15 -> 300000 | E8: =Actuals!E15 -> 345000 | F8: =Actuals!F15 -> 390000 | G8: =G10-G9 -> 536004.62 | H8: =H10-H9 -> 541998.8 | I8: =I10-I9 -> 751605.31 | J8: =J10-J9 -> 826591.71 | K8: =K10-K9 -> 1130372.6
A9: Net PP&E | B9: =Actuals!B16 -> 350000 | C9: =Actuals!C16 -> 370000 | D9: =Actuals!D16 -> 400000 | E9: =Actuals!E16 -> 430000 | F9: =Actuals!F16 -> 460000 | G9: =G10*Inputs!G17 -> 670709.07 | H9: =H10*Inputs!H17 -> 678209.66 | I9: =I10*Inputs!I17 -> 940492.81 | J9: =J10*Inputs!J17 -> 1034324.2 | K9: =K10*Inputs!K17 -> 1414448.9
A10: Total Assets | B10: =Actuals!B17 -> 580000 | C10: =Actuals!C17 -> 635000 | D10: =Actuals!D17 -> 700000 | E10: =Actuals!E17 -> 775000 | F10: =Actuals!F17 -> 850000 | G10: =2*(IS!G5/Inputs!G13)-F10 -> 1206713.7 | H10: =2*(IS!H5/Inputs!H13)-G10 -> 1220208.5 | I10: =2*(IS!I5/Inputs!I13)-H10 -> 1692098.1 | J10: =2*(IS!J5/Inputs!J13)-I10 -> 1860915.9 | K10: =2*(IS!K5/Inputs!K13)-J10 -> 2544821.5
A12: Liabilities & Equity
A13: Accounts Payable | B13: =Actuals!B18 -> 70000 | C13: =Actuals!C18 -> 80000 | D13: =Actuals!D18 -> 90000 | E13: =Actuals!E18 -> 100000 | F13: =Actuals!F18 -> 110000 | G13: =ABS(IS!G8)*Inputs!G16 -> 116280.33 | H13: =ABS(IS!H8)*Inputs!H16 -> 137210.79 | I13: =ABS(IS!I8)*Inputs!I16 -> 164652.95 | J13: =ABS(IS!J8)*Inputs!J16 -> 200876.6 | K13: =ABS(IS!K8)*Inputs!K16 -> 249086.99
A14: Other Current Liabilities | B14: 0 | C14: 0 | D14: 0 | E14: 0 | F14: 0 | G14: =IS!G5*Inputs!G21 -> 0 | H14: =IS!H5*Inputs!H21 -> 0 | I14: =IS!I5*Inputs!I21 -> 0 | J14: =IS!J5*Inputs!J21 -> 0 | K14: =IS!K5*Inputs!K21 -> 0
A15: Short-Term Debt | B15: =Actuals!B19 -> 20000 | C15: =Actuals!C19 -> 25000 | D15: =Actuals!D19 -> 30000 | E15: =Actuals!E19 -> 35000 | F15: =Actuals!F19 -> 40000 | G15: =G16-G13-G14 -> 93725.139 | H15: =H16-H13-H14 -> 75143.187 | I15: =I16-I13-I14 -> 129824.41 | J15: =J16-J13-J14 -> 122980.27 | K15: =K16-K13-K14 -> 193790.59
A16: Total Current Liabilities | B16: =Actuals!B20 -> 90000 | C16: =Actuals!C20 -> 105000 | D16: =Actuals!D20 -> 120000 | E16: =Actuals!E20 -> 135000 | F16: =Actuals!F20 -> 150000 | G16: =G10*Inputs!G18 -> 210005.47 | H16: =H10*Inputs!H18 -> 212353.98 | I16: =I10*Inputs!I18 -> 294477.36 | J16: =J10*Inputs!J18 -> 323856.88 | K16: =K10*Inputs!K18 -> 442877.58
A17: Long-Term Debt | B17: =Actuals!B21 -> 160000 | C17: =Actuals!C21 -> 180000 | D17: =Actuals!D21 -> 200000 | E17: =Actuals!E21 -> 210000 | F17: =Actuals!F21 -> 220000 | G17: =G18-G16 -> 328027.24 | H17: =H18-H16 -> 331695.59 | I17: =I18-I16 -> 459971.81 | J17: =J18-J16 -> 505862.42 | K17: =K18-K16 -> 691772.02
A18: Total Liabilities | B18: =Actuals!B17-Actuals!B22 -> 250000 | C18: =Actuals!C17-Actuals!C22 -> 285000 | D18: =Actuals!D17-Actuals!D22 -> 320000 | E18: =Actuals!E17-Actuals!E22 -> 345000 | F18: =Actuals!F17-Actuals!F22 -> 370000 | G18: =G10-G19 -> 538032.71 | H18: =H10-H19 -> 544049.57 | I18: =I10-I19 -> 754449.17 | J18: =J10-J19 -> 829719.3 | K18: =K10-K19 -> 1134649.6
A19: Shareholder’s Equity | B19: =Actuals!B22 -> 330000 | C19: =Actuals!C22 -> 350000 | D19: =Actuals!D22 -> 380000 | E19: =Actuals!E22 -> 430000 | F19: =Actuals!F22 -> 480000 | G19: =G10*Inputs!G19 -> 668680.98 | H19: =H10*Inputs!H19 -> 676158.89 | I19: =I10*Inputs!I19 -> 937648.95 | J19: =J10*Inputs!J19 -> 1031196.6 | K19: =K10*Inputs!K19 -> 1410171.9
A20: Total Liabilities & Equity | B20: =Actuals!B23 -> 580000 | C20: =Actuals!C23 -> 635000 | D20: =Actuals!D23 -> 700000 | E20: =Actuals!E23 -> 775000 | F20: =Actuals!F23 -> 850000 | G20: =G18+G19 -> 1206713.7 | H20: =H18+H19 -> 1220208.5 | I20: =I18+I19 -> 1692098.1 | J20: =J18+J19 -> 1860915.9 | K20: =K18+K19 -> 2544821.5
A23: Schedules
A24: Opening Net PP&E | B24: =B27 -> 350000 | C24: =B27 -> 350000 | D24: =C27 -> 370000 | E24: =D27 -> 400000 | F24: =E27 -> 430000 | G24: =F27 -> 460000 | H24: =G27 -> 670709.07 | I24: =H27 -> 678209.66 | J24: =I27 -> 940492.81 | K24: =J27 -> 1034324.2
A25: Capex | B25: =IF(OR(B24="",B27=""),"",B27-B24+B26) -> 58000 | C25: =IF(OR(C24="",C27=""),"",C27-C24+C26) -> 83500 | D25: =IF(OR(D24="",D27=""),"",D27-D24+D26) -> 100000 | E25: =IF(OR(E24="",E27=""),"",E27-E24+E26) -> 107500 | F25: =IF(OR(F24="",F27=""),"",F27-F24+F26) -> 115000 | G25: =IF(OR(G24="",G27=""),"",G27-G24+G26) -> 279709.07 | H25: =IF(OR(H24="",H27=""),"",H27-H24+H26) -> 108106.95 | I25: =IF(OR(I24="",I27=""),"",I27-I24+I26) -> 364014.6 | ... K25: =IF(OR(K24="",K27=""),"",K27-K24+K26) -> 535273.32
A26: Depreciation (15% of Opening PP&E) | B26: =Actuals!B8 -> 58000 | C26: =Actuals!C8 -> 63500 | D26: =Actuals!D8 -> 70000 | E26: =Actuals!E8 -> 77500 | F26: =Actuals!F8 -> 85000 | G26: =G24*Inputs!G9 -> 69000 | H26: =H24*Inputs!H9 -> 100606.36 | I26: =I24*Inputs!I9 -> 101731.45 | J26: =J24*Inputs!J9 -> 141073.92 | K26: =K24*Inputs!K9 -> 155148.63
A27: Ending Net PP&E | B27: =B9 -> 350000 | C27: =C9 -> 370000 | D27: =D9 -> 400000 | E27: =E9 -> 430000 | F27: =F9 -> 460000 | G27: =G9 -> 670709.07 | H27: =H9 -> 678209.66 | I27: =I9 -> 940492.81 | ... K27: =K9 -> 1414448.9
A29: Average Long-Term Debt | C29: =AVERAGE(B17,C17) -> 170000 | D29: =AVERAGE(C17,D17) -> 190000 | E29: =AVERAGE(D17,E17) -> 205000 | F29: =AVERAGE(E17,F17) -> 215000 | G29: =AVERAGE(F17,G17) -> 274013.62 | H29: =AVERAGE(G17,H17) -> 329861.42 | I29: =AVERAGE(H17,I17) -> 395833.7 | J29: =AVERAGE(I17,J17) -> 482917.11 | K29: =AVERAGE(J17,K17) -> 598817.22
A30: Interest Expense (10% of Avg LTD) | C30: =Actuals!C10 -> 16000 | D30: =Actuals!D10 -> 18000 | E30: =Actuals!E10 -> 18500 | F30: =Actuals!F10 -> 19000 | G30: =G29*Inputs!G8 -> 27401.362 | H30: =H29*Inputs!H8 -> 32986.142 | I30: =I29*Inputs!I8 -> 39583.37 | J30: =J29*Inputs!J8 -> 48291.711 | K30: =K29*Inputs!K8 -> 59881.722

Sheet CF
A1: Cash Flow Statement
B2: 2020 | C2: 2021 | D2: 2022 | E2: 2023 | F2: 2024 | G2: 2025 | H2: 2026 | I2: 2027 | J2: 2028 | K2: 2029
A3: Cash Flow from Operations
A4: Net Income | B4: =IS!B32 -> 207750 | C4: =IS!C32 -> 472875 | D4: =IS!D32 -> 315750 | E4: =IS!E32 -> 457500 | F4: =IS!F32 -> 529500 | G4: =IS!G32 -> 684076.98 | H4: =IS!H32 -> 792331.66 | I4: =IS!I32 -> 965045.13 | ... K4: =IS!K32 -> 1458983.3
A5: Depreciation | B5: =-IS!B20 -> 58000 | C5: =-IS!C20 -> 63500 | D5: =-IS!D20 -> 70000 | E5: =-IS!E20 -> 77500 | F5: =-IS!F20 -> 85000 | G5: =-IS!G20 -> 69000 | H5: =-IS!H20 -> 100606.36 | I5: =-IS!I20 -> 101731.45 | ... K5: =-IS!K20 -> 155148.63
A6: Change in Accounts Receivable | B6: 0 | C6: =-(BS!C5-BS!B5) -> -15000 | D6: =-(BS!D5-BS!C5) -> -15000 | E6: =-(BS!E5-BS!D5) -> -20000 | F6: =-(BS!F5-BS!E5) -> -20000 | G6: =-(BS!G5-BS!F5) -> -34825.31 | H6: =-(BS!H5-BS!G5) -> -35068.556 | I6: =-(BS!I5-BS!H5) -> -45978.773 | J6: =-(BS!J5-BS!I5) -> -60691.981 | K6: =-(BS!K5-BS!J5) -> -80775.509
A7: Change in Inventory | B7: 0 | C7: =-(BS!C6-BS!B6) -> -10000 | D7: =-(BS!D6-BS!C6) -> -10000 | E7: =-(BS!E6-BS!D6) -> -10000 | F7: =-(BS!F6-BS!E6) -> -10000 | G7: =-(BS!G6-BS!F6) -> -8064 | H7: =-(BS!H6-BS!G6) -> -23051.52 | I7: =-(BS!I6-BS!H6) -> -30223.104 | J7: =-(BS!J6-BS!I6) -> -39894.497 | K7: =-(BS!K6-BS!J6) -> -53095.949
A8: Change in Other Current Assets | B8: 0 | C8: =-(BS!C7-BS!B7) -> 0 | D8: =-(BS!D7-BS!C7) -> 0 | E8: =-(BS!E7-BS!D7) -> 0 | F8: =-(BS!F7-BS!E7) -> 0 | G8: =-(BS!G7-BS!F7) -> 0 | H8: =-(BS!H7-BS!G7) -> 0 | I8: =-(BS!I7-BS!H7) -> 0 | J8: =-(BS!J7-BS!I7) -> 0 | K8: =-(BS!K7-BS!J7) -> 0
A9: Change in Accounts Payable | B9: 0 | C9: =(BS!C13-BS!B13) -> 10000 | D9: =(BS!D13-BS!C13) -> 10000 | E9: =(BS!E13-BS!D13) -> 10000 | F9: =(BS!F13-BS!E13) -> 10000 | G9: =(BS!G13-BS!F13) -> 6280.3333 | H9: =(BS!H13-BS!G13) -> 20930.46 | I9: =(BS!I13-BS!H13) -> 27442.159 | J9: =(BS!J13-BS!I13) -> 36223.649 | K9: =(BS!K13-BS!J13) -> 48210.384
A10: Change in Other Current Liabilities | B10: 0 | C10: =(BS!C14-BS!B14) -> 0 | D10: =(BS!D14-BS!C14) -> 0 | E10: =(BS!E14-BS!D14) -> 0 | F10: =(BS!F14-BS!E14) -> 0 | G10: =(BS!G14-BS!F14) -> 0 | H10: =(BS!H14-BS!G14) -> 0 | I10: =(BS!I14-BS!H14) -> 0 | J10: =(BS!J14-BS!I14) -> 0 | K10: =(BS!K14-BS!J14) -> 0
A11: Net Cash from Operations | B11: =SUM(N(B4),N(B5),N(B6),N(B7),N(B8),N(B9),N(B10)) -> 265750 | C11: =SUM(N(C4),N(C5),N(C6),N(C7),N(C8),N(C9),N(C10)) -> 521375 | D11: =SUM(N(D4),N(D5),N(D6),N(D7),N(D8),N(D9),N(D10)) -> 370750 | E11: =SUM(N(E4),N(E5),N(E6),N(E7),N(E8),N(E9),N(E10)) -> 515000 | F11: =SUM(N(F4),N(F5),N(F6),N(F7),N(F8),N(F9),N(F10)) -> 594500 | G11: =SUM(N(G4),N(G5),N(G6),N(G7),N(G8),N(G9),N(G10)) -> 716468 | H11: =SUM(N(H4),N(H5),N(H6),N(H7),N(H8),N(H9),N(H10)) -> 855748.41 | I11: =SUM(N(I4),N(I5),N(I6),N(I7),N(I8),N(I9),N(I10)) -> 1018016.9 | ... K11: =SUM(N(K4),N(K5),N(K6),N(K7),N(K8),N(K9),N(K10)) -> 1528470.9
A13: Cash Flow from Investing
A14: Capex | B14: 0 | C14: 0 | D14: 0 | E14: 0 | F14: 0 | G14: =-BS!G25 -> -279709.07 | H14: =-BS!H25 -> -108106.95 | I14: =-BS!I25 -> -364014.6 | J14: =-BS!J25 -> -234905.31 | K14: =-BS!K25 -> -535273.32
A15: Net Cash from Investing | B15: =N(B14) -> 0 | C15: =N(C14) -> 0 | D15: =N(D14) -> 0 | E15: =N(E14) -> 0 | F15: =N(F14) -> 0 | G15: =N(G14) -> -279709.07 | H15: =N(H14) -> -108106.95 | I15: =N(I14) -> -364014.6 | ... K15: =N(K14) -> -535273.32
A17: Cash Flow from Financing
A18: Change in Short-Term Debt | B18: 0 | C18: =BS!C15-BS!B15 -> 5000 | D18: =BS!D15-BS!C15 -> 5000 | E18: =BS!E15-BS!D15 -> 5000 | F18: =BS!F15-BS!E15 -> 5000 | G18: =BS!G15-BS!F15 -> 53725.139 | H18: =BS!H15-BS!G15 -> -18581.952 | I18: =BS!I15-BS!H15 -> 54681.224 | J18: =BS!J15-BS!I15 -> -6844.1366 | K18: =BS!K15-BS!J15 -> 70810.32
A19: Change in Long-Term Debt | B19: 0 | C19: =BS!C17-BS!B17 -> 20000 | D19: =BS!D17-BS!C17 -> 20000 | E19: =BS!E17-BS!D17 -> 10000 | F19: =BS!F17-BS!E17 -> 10000 | G19: =BS!G17-BS!F17 -> 108027.24 | H19: =BS!H17-BS!G17 -> 3668.3547 | I19: =BS!I17-BS!H17 -> 128276.21 | J19: =BS!J17-BS!I17 -> 45890.616 | K19: =BS!K17-BS!J17 -> 185909.6
A20: Equity Plug (issuance/(dividends)) | B20: 0 | C20: =(BS!B19+IS!C32)-BS!C19 -> 452875 | D20: =(BS!C19+IS!D32)-BS!D19 -> 285750 | E20: =(BS!D19+IS!E32)-BS!E19 -> 407500 | F20: =(BS!E19+IS!F32)-BS!F19 -> 479500 | G20: =(BS!F19+IS!G32)-BS!G19 -> 495396 | H20: =(BS!G19+IS!H32)-BS!H19 -> 784853.75 | I20: =(BS!H19+IS!I32)-BS!I19 -> 703555.07 | J20: =(BS!I19+IS!J32)-BS!J19 -> 1071086.2 | K20: =(BS!J19+IS!K32)-BS!K19 -> 1080008
A21: Net Cash from Financing | B21: =SUM(N(B18),N(B19),N(B20)) -> 0 | C21: =SUM(N(C18),N(C19),N(C20)) -> 477875 | D21: =SUM(N(D18),N(D19),N(D20)) -> 310750 | E21: =SUM(N(E18),N(E19),N(E20)) -> 422500 | F21: =SUM(N(F18),N(F19),N(F20)) -> 494500 | G21: =SUM(N(G18),N(G19),N(G20)) -> 657148.38 | H21: =SUM(N(H18),N(H19),N(H20)) -> 769940.15 | I21: =SUM(N(I18),N(I19),N(I20)) -> 886512.51 | ... K21: =SUM(N(K18),N(K19),N(K20)) -> 1336728
A24: Net Change in Cash | B24: =N(B11)+N(B15)+N(B21) -> 265750 | C24: =N(C11)+N(C15)+N(C21) -> 999250 | D24: =N(D11)+N(D15)+N(D21) -> 681500 | E24: =N(E11)+N(E15)+N(E21) -> 937500 | F24: =N(F11)+N(F15)+N(F21) -> 1089000 | G24: =N(G11)+N(G15)+N(G21) -> 1093907.3 | H24: =N(H11)+N(H15)+N(H21) -> 1517581.6 | I24: =N(I11)+N(I15)+N(I21) -> 1540514.8 | ... K24: =N(K11)+N(K15)+N(K21) -> 2329925.5
A25: Beginning Cash | B25: =BS!B4 -> 60000 | C25: =B26 -> 325750 | D25: =C26 -> 1325000 | E25: =D26 -> 2006500 | F25: =E26 -> 2944000 | G25: =F26 -> 4033000 | H25: =G26 -> 5126907.3 | I25: =H26 -> 6644488.9 | J25: =I26 -> 8185003.7 | K25: =J26 -> 10301576
A26: Ending Cash | B26: =B25+B24 -> 325750 | C26: =C25+C24 -> 1325000 | D26: =D25+D24 -> 2006500 | E26: =E25+E24 -> 2944000 | F26: =F25+F24 -> 4033000 | G26: =G25+G24 -> 5126907.3 | H26: =H25+H24 -> 6644488.9 | I26: =I25+I24 -> 8185003.7 | ... K26: =K25+K24 -> 12631502
A27: Cash Flow Check (Ending - BS Cash) | B27: =B26-BS!B4 -> 265750 | C27: =C26-BS!C4 -> 1255000 | D27: =D26-BS!D4 -> 1926500 | E27: =E26-BS!E4 -> 2849000 | F27: =F26-BS!F4 -> 3923000 | G27: =G26-BS!G4 -> 4913792 | H27: =H26-BS!H4 -> 6483499.5 | I27: =I26-BS!I4 -> 7890609.7 | ... K27: =K26-BS!K4 -> 12192798

Sheet Checks
A1: Checks
B2: 2020 | C2: 2021 | D2: 2022 | E2: 2023 | F2: 2024 | G2: 2025 | H2: 2026 | I2: 2027 | J2: 2028 | K2: 2029
A4: Balance Sheet Check (Assets - L&E) | B4: =BS!B10-BS!B20 -> 0 | C4: =BS!C10-BS!C20 -> 0 | D4: =BS!D10-BS!D20 -> 0 | E4: =BS!E10-BS!E20 -> 0 | F4: =BS!F10-BS!F20 -> 0 | G4: =BS!G10-BS!G20 -> 0 | H4: =BS!H10-BS!H20 -> 0 | I4: =BS!I10-BS!I20 -> 0 | ... K4: =BS!K10-BS!K20 -> 0
A5: Asset Turnover (Revenue / Avg Assets) | C5: =IS!C5/AVERAGE(BS!B10,BS!C10) -> 2.0740741 | D5: =IS!D5/AVERAGE(BS!C10,BS!D10) -> 2.1033708 | E5: =IS!E5/AVERAGE(BS!D10,BS!E10) -> 2.3538983 | F5: =IS!F5/AVERAGE(BS!E10,BS!F10) -> 2.5476923 | G5: =IS!G5/AVERAGE(BS!F10,BS!G10) -> 2.3349871 | H5: =IS!H5/AVERAGE(BS!G10,BS!H10) -> 2.3349871 | I5: =IS!I5/AVERAGE(BS!H10,BS!I10) -> 2.3349871 | J5: =IS!J5/AVERAGE(BS!I10,BS!J10) -> 2.3349871 | K5: =IS!K5/AVERAGE(BS!J10,BS!K10) -> 2.3349871
A6: Asset Turnover Target | G6: =Inputs!G13 -> 2.3349871 | H6: =Inputs!H13 -> 2.3349871 | I6: =Inputs!I13 -> 2.3349871 | J6: =Inputs!J13 -> 2.3349871 | K6: =Inputs!K13 -> 2.3349871
A7: Difference | G7: =G5-G6 -> 0 | H7: =H5-H6 -> 0 | I7: =I5-I6 -> 0 | J7: =J5-J6 -> 0 | K7: =K5-K6 -> 0
